 Dungeon Crawl Stone Soup version 0.27.0-1-g7a089689b8 (webtiles) character file.

Game seed: 16268606748871802158

42 GordonOverkill the Grave Robber (level 3, -1/15 HPs)
             Began as a Felid Necromancer on Aug 3, 2021.
             Slain by a kobold (4 damage)
             ... on level 1 of the Dungeon.
             The game lasted 00:01:50 (1321 turns).

GordonOverkill the Grave Robber (Felid Necromancer) Turns: 1321, Time: 00:01:51

Health: -1/15      AC:  1    Str:  4    XL:     3   Next: 35%
Magic:  3/7        EV: 17    Int: 17    God:
Gold:   32         SH:  0    Dex: 16    Spells: 4/6 levels left
                                        Lives:  0   Deaths: 0

rFire    . . .     SeeInvis +   (weapon unavailable)
rCold    . . .     Faith    .   (shield unavailable)
rNeg     . . .     Spirit   .   (armour unavailable)
rPois    .         Reflect  .   (helmet unavailable)
rElec    .         Harm     .   (cloak unavailable)
rCorr    .         Rampage  .   (gloves unavailable)
Will     .....                  (boots unavailable)
Stlth    +++.......             (no amulet)
HPRegen  0.05/turn              (no ring)
MPRegen  0.10/turn              (no ring)

@: quick
A: very small, claws 1, fangs 3, see invisible, speed 1, shaggy fur 1, stealthy
paws, no weapons or thrown items, no armour, multi-lived
a: no special abilities


You were on level 1 of the Dungeon.
You visited 1 branch of the dungeon, and saw 3 of its levels.

You collected 32 gold pieces.

You aren't carrying anything.


   Skills:
 + Level 1.3 Fighting
 - Level 2.6 Dodging
 + Level 3.5 Stealth
 + Level 2.4 Spellcasting
 + Level 4.3 Necromancy


You had 4 spell levels left.
You knew the following spells:

 Your Spells              Type           Power      Damage    Failure   Level
a - Pain                  Necr           64%        1d7       3%          1
b - Animate Skeleton      Necr           32%        N/A       3%          1

Your spell library contained the following spells:

 Spells                   Type           Power      Damage    Failure   Level
 Vampiric Draining        Necr           8%         2d7       10%         3
 Animate Dead             Necr           8%         N/A       30%         4
 Agony                    Necr           16%        N/A       65%         5


Dungeon Overview and Level Annotations

Branches:
Dungeon (3/15)

Altars:


Innate Abilities, Weirdness & Mutations

You have sharp claws.
You have razor-sharp teeth.
You have supernaturally acute eyesight. (SInv)
You cover ground quickly. (Speed+)
You are covered in fur. (AC +1)
Your paws help you pounce on unaware monsters.
You are incapable of wielding weapons or throwing items.
You cannot wear armour.
You gain extra lives every three experience levels.


Message History

You don't have enough magic to cast this spell.
You see here a +0 whip.
You now have 32 gold pieces (gained 9).
Items here: )) ††.
An adder comes into view.
The adder hisses angrily.
Found a club.
Found a scroll labelled CET TUIS VAE.
There is a stone staircase leading up here.
You climb upwards.
The goblin shouts!
The goblin hits you but does no damage.
There is a stone staircase leading down here.
Casting: Pain (safe; 3% risk of failure)
Confirm with . or Enter, or press ? or * to list all spells.
Aiming: Pain (safe; 3% risk of failure)
Press: ? - help, Shift-Dir - straight line, f - goblin
Aim: a goblin, wielding a +0 club (chance to affect: 87%)
The goblin writhes in agony.
Casting: Pain (safe; 3% risk of failure)
Confirm with . or Enter, or press ? or * to list all spells.
Aiming: Pain (safe; 3% risk of failure)
Press: ? - help, Shift-Dir - straight line, f/p - goblin
Aim: a goblin, wielding a +0 club (moderately wounded, chance to affect: 87%)
The goblin writhes in agony.
Casting: Pain (safe; 3% risk of failure)
Confirm with . or Enter, or press ? or * to list all spells.
You don't have enough magic to cast this spell.
Casting: Pain (safe; 3% risk of failure)
Confirm with . or Enter, or press ? or * to list all spells.
You don't have enough magic to cast this spell.
A hobgoblin comes into view.
Found a blue potion.
The goblin hits you with a +0 club.
* * * LOW HITPOINT WARNING * * *
The goblin closely misses you.
There is a stone staircase leading down here.
A kobold comes into view. It is wielding a +0 club.
The kobold hits you with a +0 club.
You die...

#########
#.......# ##
#.#####g# ..
#.# #.#
#.##@#####.#
#..K....##.#
#.##.##.##.#
.. #.##.##.#
...
#.##.##.# ##
#.......#
####>####
#.# #.#


You could see a kobold.

Vanquished Creatures
  3 gnolls (D:2)
  A bat (D:2)
  2 giant cockroaches (D:2)
  A jackal (D:2)
  2 quokkas (D:2)
  2 ball pythons (D:2)
  3 frilled lizards (D:2)
  2 rats
16 creatures vanquished.

Notes
Turn   | Place    | Note
-------+----------+-------------------------------------------
     0 | D:1      | GordonOverkill the Felid Necromancer began the quest for
                  | the Orb.
     0 | D:1      | Reached XP level 1. HP: 7/7 MP: 4/4
   527 | D:2      | Noticed an eye of devastation
   529 | D:2      | Found a faded altar of an unknown god.
   531 | D:2      | Noticed a floating eye
   790 | D:2      | Noticed an eye of devastation
   794 | D:2      | Noticed a great orb of eyes
   948 | D:2      | Reached XP level 2. HP: 7/12 MP: 1/6
  1085 | D:2      | Learned a level 1 spell: Animate Skeleton
  1232 | D:2      | Reached skill level 1 in Fighting
  1234 | D:2      | Reached XP level 3. HP: 9/15 MP: 1/7
  1321 | D:1      | Slain by a kobold

Illustrated notes

Levels and vault maps discovered:
D:1:      denvon_arrival_waterhouse, layout_loops_corners
D:2:      minmay_evil_eye, layout_basic, hellmonk_ecumenical_altar_watching_god,
          grunt_decor_mini_mirrors
D:3:      layout_basic, nicolae_wu_jian_wuxing_cycle, minivault_11

Skill      XL: |  1  2 |
---------------+-------+-----
Stealth        | 3 |  3.5
Fighting       | 1 |  1.3
Dodging        | |  2.6
Spellcasting   | |  2.4
Necromancy     | |  4.3

Action                   || total
-------------------------++-------
 Cast: Pain              ||    35
Armor: Skin              ||     1
Dodge: Dodged            ||     8
